 Dungeon Crawl Stone Soup version 0.15-a0-2388-g9f833ab (webtiles) character file.

35 Crauler the Ducker (level 3, 0/16 HPs)
             Began as a Felid Monk on Aug 2, 2014.
             Slain by Crazy Yiuf
             ... wielding a +2 quarterstaff of chaos
              (8 damage)
             ... on Level 2 of the Dungeon.
             The game lasted 00:05:29 (1480 turns).

Crauler the Ducker (Felid Monk)                     Turns: 1480, Time: 00:05:30

HP   0/16        AC  1     Str  7      XL: 3   Next: 17%
MP   4/5         EV 27     Int 11      God:
Gold 58          SH  0     Dex 24      Spells:  0 memorised,  2 levels left
Lives: 0, deaths: 0

rFire  . . .     SeeInvis +       - Unarmed
rCold  . . .     Clarity  .     (armour unavailable)
rNeg   . . .     rCorr    .     (shield unavailable)
rPois  .         rRot     .     (helmet unavailable)
rElec  .         Spirit   .     (cloak unavailable)
SustAb .         Warding  .     (gloves unavailable)
rMut   .         Stasis   .     (boots unavailable)
Gourm  .                        (no amulet)
MR     .....                    (no ring)
                                (no ring)

@: agile, exhausted, quick, not resistant to hostile enchantments, stealthy
A: paw claws, no armour, no weapons or thrown items, fangs 3, see invisible,
carnivore 3, speed 1, shaggy fur 1, slow metabolism 1, jump 1
a: Jump Attack


You were on level 2 of the Dungeon.
You were very full.

You visited 1 branch of the dungeon, and saw 2 of its levels.

You collected 58 gold pieces.

Inventory:

Comestibles
 b - a meat ration
 d - a rotting chunk of bat flesh
Scrolls
 a - 3 scrolls of remove curse {unknown}
 c - 2 scrolls of teleportation {unknown}
 e - a scroll of enchant weapon {unknown}
 h - 3 scrolls of identify {unknown}
Potions
 g - a potion of agility


   Skills:
 + Level 2.3 Fighting
 + Level 4.7 Dodging
 + Level 3.1 Stealth
 + Level 3.4 Unarmed Combat


You had 2 spell levels left.
You didn't know any spells.

Dungeon Overview and Level Annotations

Branches:
Dungeon (2/15)

Altars:

Annotations:
D:2 Crazy Yiuf


Innate Abilities, Weirdness & Mutations

You cannot wear armour.
You are incapable of wielding weapons or throwing items.
Your paws have sharp claws.
You have razor-sharp teeth.
You have supernaturally acute eyesight.
You are carnivorous and can eat meat at any time.
You cover ground quickly.
You are covered in fur (AC +1).
You have a slow metabolism.
You can jump attack at a short distance.


Message History

You completely miss Crazy Yiuf.
Crazy Yiuf is moderately wounded.
Crazy Yiuf barely misses you.
You claw Crazy Yiuf! You bite Crazy Yiuf.
Crazy Yiuf is almost dead.
Crazy Yiuf hits you with a quarterstaff of chaos!
Ouch! That really hurt!
You are lethally poisoned!
* * * LOW HITPOINT WARNING * * *
You feel sick.
Drink which item? (? for menu, Esc to quit)
You feel agile all of a sudden.
It was a potion of agility.
* * * LOW HITPOINT WARNING * * *
You feel sick.
Drink which item? (? for menu, Esc to quit)
You feel better.
It was a potion of curing.
Crazy Yiuf says, "I'm not crazy!"
Crazy Yiuf hits you with a quarterstaff of chaos!
Ouch! That really hurt!
You die...

.##.# #.#.).PPP..# #.#####.
.##.## #.#)..P..))# #.......
.....## #.#.).....)########.....
....).####.#)...)..).#.....#.....
.........<.#)....)..)#..##.#.....
...........#).).).)))#...........
#.#........#.).).).).#...#.#.....
#.##..###..##)##.##..#..##.#.....
.......##..##.#.@.#.)#.<##.#.....
#.####.##..#.)#.g.# #.........##
#.####.##..#..#..)# #..######.#
#.#........#).#####)##.## #.#
#.#.##.###(##.).))..##.# #.##
..#......#.###########.# #...
#......#.###...# #.# #.##
##.............#######.# #.#
#..####.......##......#######.#


You could see Crazy Yiuf (bleeding).

Vanquished Creatures
  An inept item mimic (D:2)
  2 ball pythons
  3 giant cockroaches
  4 goblins
  2 hobgoblins
  4 kobolds
  5 bats
  A giant newt (D:1)
  5 rats
27 creatures vanquished.

Notes
Turn   | Place    | Note
--------------------------------------------------------------
     0 | D:1      | Crauler, the Felid Monk, began the quest for the Orb.
     0 | D:1      | Reached XP level 1. HP: 9/9 MP: 2/2
   303 | D:1      | Reached XP level 2. HP: 8/13 MP: 3/3
  1095 | D:2      | Reached XP level 3. HP: 13/16 MP: 5/5
  1453 | D:2      | Noticed Crazy Yiuf
  1480 | D:2      | Slain by Crazy Yiuf

Action                   || total
-------------------------++-------
Melee: Unarmed           ||    75
 Abil: Jump Attack       ||     2
  Use: Potion            ||     2
 Stab: Sleeping          ||     9
  Eat: Chunk             ||     8
